 Dungeon Crawl Stone Soup version 0.31-a0-102-g33a4ccc0cb (webtiles) character file.

Game seed: 5660662535826608038

1902 AlmostDecent the Magician (level 9, -1/59 (65) HPs)
             Began as a Gnoll Earth Elementalist on May 27, 2023.
             Killed by divine providence
             ... invoked by an orc priest
              (12 damage)
             ... on level 6 of the Dungeon.
             The game lasted 00:20:00 (5809 turns).

AlmostDecent the Magician (GnEE)                    Turns: 5809, Time: 00:20:01

HP:   -1/59 (65)    AC: 10    Str: 14    XL:     9   Next: 15%
MP:   13/18         EV: 14    Int: 18    God:
Gold: 223           SH:  0    Dex: 13    Spells: 17/21 levels left

rFire   . . .        r - +3 hand axe (holy)
rCold   . . .        (no shield)
rNeg    . . .        m - +3 leather armour
rPois   .            (no helmet)
rElec   .            (no cloak)
rCorr   .            (no gloves)
SInv    .            D - +3 pair of boots "Maleury" {+Blink Stlth+}
Will    +....        (no amulet)
Stlth   ++++         e - +6 ring of strength
HPRegen 0.29/turn    f - ring of willpower
MPRegen 0.16/turn

%: no passive effects
@: hasted, drained, very quick
A: fangs 1, strong nose, distributed training
a: Evoke Blink


You were on level 6 of the Dungeon.
You visited 1 branch of the dungeon, and saw 6 of its levels.
You also visited: Ossuary.

You collected 223 gold pieces.

Inventory:

Hand Weapons
 d - a +5 short sword of freezing
 r - a +3 hand axe of holy wrath (weapon)
Armour
 a - a +0 robe
 m - a +3 leather armour (worn)
 D - the +3 pair of boots "Maleury" (worn) {+Blink Stlth+}
   (You found it on level 5 of the Dungeon)

   +Blink:    It lets you blink.
   Stlth:     It makes you more stealthy.
Magical Staves
 v - a staff of conjuration
Jewellery
 c - a ring of fire
 e - a +6 ring of strength (left hand)
 f - a ring of willpower (right hand)
 i - a ring of ice
 z - a ring of flight
 A - a ring of resist corrosion
Wands
 j - a wand of flame (29)
 w - a wand of digging (2)
Scrolls
 k - 3 scrolls of vulnerability
 n - a scroll of brand weapon
 o - 2 scrolls of magic mapping
 p - a scroll of poison {unknown}
 s - 5 scrolls of torment
Potions
 b - 3 potions of magic
 g - a potion of enlightenment
 h - 4 potions of haste
 l - 2 potions of brilliance
 x - a potion of lignification {unknown}
 B - 2 potions of curing
 G - a potion of ambrosia {unknown}


   Skills:
 + Level 4.1 Fighting
 + Level 4.1 Short Blades
 + Level 4.1 Long Blades
 + Level 4.1 Axes
 + Level 4.1 Maces & Flails
 + Level 4.1 Polearms
 + Level 4.1 Staves
 + Level 4.1 Ranged Weapons
 + Level 4.1 Throwing
 + Level 4.1 Armour
 + Level 6.2 Dodging
 + Level 5.9 Stealth
 + Level 4.1 Shields
 + Level 4.1 Unarmed Combat
 + Level 6.5 Spellcasting
 + Level 3.4 Conjurations
 + Level 3.4 Hexes
 + Level 3.4 Summonings
 + Level 3.4 Necromancy
 + Level 3.4 Translocations
 + Level 4.1 Transmutations
 + Level 3.4 Fire Magic
 + Level 3.4 Ice Magic
 + Level 3.4 Air Magic
 + Level 6.5 Earth Magic
 + Level 3.4 Poison Magic
 + Level 4.5 Invocations
 + Level 4.1 Evocations


You had 17 spell levels left.
You knew the following spells:

 Your Spells              Type           Power      Damage    Failure   Level
a - Sandblast             Erth           58%        2d13      1%          1
b - Stone Arrow           Conj/Erth      40%        3d9       8%          3

Your spell library contained the following spells:

 Spells                   Type           Power      Damage    Failure   Level
 Apportation              Tloc           36%        N/A       3%          1
 Magic Dart               Conj           72%        1d6       3%          1
 Necrotise                Necr           72%        1d7       3%          1
 Summon Small Mammal      Summ           72%        N/A       3%          1
 Passwall                 Tmut/Erth      18%        N/A       3%          2
 Call Imp                 Summ           36%        N/A       5%          2
 Lesser Beckoning         Tloc           36%        N/A       5%          2
 Call Canine Familiar     Summ           18%        N/A       11%         3
 Gell's Gravitas          Tloc           18%        N/A       11%         3
 Teleport Other           Tloc           18%        N/A       11%         3
 Portal Projectile        Hex/Tloc       30%        N/A       14%         3
 Mephitic Cloud           Conj/Pois/Air  14%        N/A       16%         3
 Petrify                  Tmut/Erth      22%        N/A       22%         4
 Leda's Liquefaction      Hex/Erth       10%        N/A       26%         4
 Blade Hands              Tmut           10%        N/A       58%         5
 Irradiate                Conj/Tmut      8%         3d14      75%         5
 Dragon Form              Tmut           10%        N/A       100%        7


Dungeon Overview and Level Annotations

Branches:
Dungeon (6/15)            Ossuary (visited)
 Temple: D:4-7

Altars:
Cheibriados
Kikubaaqudgha
Nemelex Xobeh
Xom
Yredelemnul
The Shining One


Innate Abilities, Weirdness & Mutations

You have very sharp teeth.
Your uncanny sense of smell can sniff out nearby items.
Your experience applies equally to all skills.


Message History

The blast of sand hits the orc warrior but does no damage.
The orc warrior shouts!
You hear a shout!
An orc priest comes into view. It is wielding a +0 club.
An orc comes into view. It is wielding a +0 flail.
An orc priest comes into view.
It is wielding a +2 hand axe of freezing.
The orc priest moves out of view.
The orc shouts!
The orc priest shouts!
You hear a shout! x2
The blast of sand hits the orc warrior!
The orc warrior is moderately wounded.
The blast of sand hits the orc warrior but does no damage.
The orc warrior is moderately wounded.
An orc priest comes into view. It is wielding a +3 hand axe.
The orc warrior hits you but does no damage. x2
The blast of sand misses the orc warrior.
The orc priest shouts!
The orc priest closely misses you. The orc warrior barely misses you.
The blast of sand hits the orc warrior.
The orc warrior is heavily wounded.
The orc priest calls down the wrath of Beogh upon you.
Beogh smites you! The orc warrior closely misses you.
The orc priest hits you but does no damage.
The orc warrior closely misses you.
The blast of sand hits the orc warrior but does no damage.
The orc warrior is heavily wounded.
The orc priest invokes the aid of Beogh against you.
Beogh smites you!
The orc priest hits you but does no damage.
The orc warrior barely misses you.
Okay, then.
You feel yourself speed up. The orc hits you with a +0 flail.
A gnoll comes into view. It is wielding a +0 club.
The orc priest hits you with a +2 hand axe of freezing!
The orc priest freezes you.
The orc warrior hits you but does no damage.
The orc priest calls down the wrath of Beogh upon you.
Beogh smites you!
* * * LOW HITPOINT WARNING * * *
The orc priest calls down the wrath of Beogh upon you.
Beogh smites you!
You die...

##.......#
##........
#........#
##.......
##........#
##......
##.........#
#######
#..........#
#..........# ##
####.......## ##.
###......###
####..
###.@o...###
###.....
##.o.....#
#.......
###oo.............
o#............. ..
............ g..
........... ...#
.......... ..##
........# .##
.######


You could see an orc warrior, 3 orc priests and an orc.

Vanquished Creatures
  Eustachio (D:5)
  2 ogres (D:5)
  11 scorpions
  2 wights (D:5)
  A howler monkey (D:4)
  6 centaur zombies (Ossuary)
  2 human zombies (Ossuary)
  A hound (D:4)
  3 jellies
  3 scorpion zombies (Ossuary)
  4 iguanas
  An orc wizard (D:4)
  3 mummies (Ossuary)
  4 gnolls
  6 adders
  A worm (D:4)
  3 dart slugs
  10 orcs
  6 bats
  6 endoplasms
  4 giant cockroaches
  10 goblins
  6 hobgoblins
  4 jackals
  3 quokkas
  6 ball pythons
  2 frilled lizards
  2 gnoll zombies (Ossuary)
  2 goblin zombies
  A hobgoblin zombie (Ossuary)
  4 kobolds
  2 kobold zombies (Ossuary)
  An orc zombie (Ossuary)
  A quokka zombie (D:5)
  5 rats
129 creatures vanquished.

Notes
Turn   | Place    | Note
-------+----------+-------------------------------------------
     0 | D:1      | AlmostDecent the Gnoll Earth Elementalist began the quest
                  | for the Orb.
     0 | D:1      | Reached XP level 1. HP: 13/13 MP: 6/6
    90 | D:1      | Reached XP level 2. HP: 20/20 MP: 4/7
  1265 | D:2      | Reached skill level 5 in Spellcasting
  1265 | D:2      | Reached XP level 3. HP: 25/25 MP: 6/9
  1412 | D:2      | Reached skill level 1 in Invocations
  1556 | D:2      | Reached skill level 1 in Fighting
  1556 | D:2      | Reached skill level 1 in Short Blades
  1556 | D:2      | Reached skill level 1 in Long Blades
  1556 | D:2      | Reached skill level 1 in Axes
  1556 | D:2      | Reached skill level 1 in Maces & Flails
  1556 | D:2      | Reached skill level 1 in Polearms
  1556 | D:2      | Reached skill level 1 in Staves
  1556 | D:2      | Reached skill level 1 in Ranged Weapons
  1556 | D:2      | Reached skill level 1 in Throwing
  1556 | D:2      | Reached skill level 1 in Armour
  1556 | D:2      | Reached skill level 1 in Shields
  1556 | D:2      | Reached skill level 1 in Unarmed Combat
  1556 | D:2      | Reached skill level 1 in Evocations
  1648 | D:2      | Reached XP level 4. HP: 32/32 MP: 8/11
  2006 | D:3      | Reached skill level 1 in Conjurations
  2006 | D:3      | Reached skill level 1 in Hexes
  2006 | D:3      | Reached skill level 1 in Summonings
  2006 | D:3      | Reached skill level 1 in Necromancy
  2006 | D:3      | Reached skill level 1 in Translocations
  2006 | D:3      | Reached skill level 1 in Fire Magic
  2006 | D:3      | Reached skill level 1 in Ice Magic
  2006 | D:3      | Reached skill level 1 in Air Magic
  2006 | D:3      | Reached skill level 1 in Poison Magic
  2193 | D:3      | Reached XP level 5. HP: 37/37 MP: 9/12
  2339 | D:3      | Found an ancient bone altar of Kikubaaqudgha.
  2528 | D:4      | Learned a level 3 spell: Stone Arrow
  2633 | D:4      | Reached skill level 5 in Dodging
  2633 | D:4      | Reached XP level 6. HP: 43/44 MP: 7/14
  2863 | D:4      | Found a shimmering altar of Xom.
  2897 | D:4      | Found a snail-covered altar of Cheibriados.
  3185 | D:5      | Entered Level 5 of the Dungeon
  3186 | D:5      | Noticed Eustachio
  3200 | D:5      | Killed Eustachio
  3201 | D:5      | Reached XP level 7. HP: 48/51 MP: 3/15
  3314 | D:5      | Found a sand-covered staircase.
  3322 | Ossuary  | Entered an ossuary
  3414 | Ossuary  | Reached skill level 5 in Stealth
  3586 | Ossuary  | Reached XP level 8. HP: 33/58 MP: 7/16
  4468 | D:5      | Found a basalt altar of Yredelemnul.
  4470 | D:5      | Noticed a profane servitor
  4595 | D:5      | Found a glowing golden altar of the Shining One.
  4597 | D:5      | Noticed an angel
  4625 | D:5      | Identified the +3 pair of boots "Maleury" {+Blink Stlth+}
  4648 | D:5      | Reached XP level 9. HP: 65/65 MP: 14/18
  5734 | D:6      | Found a sparkling altar of Nemelex Xobeh.
  5809 | D:6      | Killed from afar by an orc priest

Illustrated notes

Levels and vault maps discovered:
D:1:      minmay_arrival_jagged, layout_basic
D:2:      layout_rooms
D:3:      layout_rooms, kiku_gazebo_garden_becter, minmay_misc_feat_plants
D:4:      layout_cave_pools, mainiacjoe_overflow_large_starburst
D:5:      layout_rooms, grunt_temple_overflow_holy_war, enter_ossuary_4,
          serial_rivers, chequers_serial_rivers_micro_c,
          chequers_serial_rivers_large_a, chequers_serial_rivers_small_b,
          chequers_serial_rivers_micro_b, chequers_serial_rivers_room_b,
          portal_sewer_entry_e, st_stairs_13, minivault_27, uniq_eustachio
D:6:      layout_cave_pods, mainiacjoe_overflow_cross_hatched, temple_hall,
          serial_shops, shop

Skill      XL: |  1  2  3  4  5  6  7  8  9 |
---------------+----------------------------+-----
Transmutations | 2 3 4 |  4.1
Spellcasting   | 5 6 |  6.5
Invocations    | 1 2 3 4 |  4.5
Fighting       | 1 2 3 4 |  4.1
Short Blades   | 1 2 3 4 |  4.1
Long Blades    | 1 2 3 4 |  4.1
Axes           | 1 2 3 4 |  4.1
Maces & Flails | 1 2 3 4 |  4.1
Polearms       | 1 2 3 4 |  4.1
Staves         | 1 2 3 4 |  4.1
Ranged Weapons | 1 2 3 4 |  4.1
Throwing       | 1 2 3 4 |  4.1
Armour         | 1 2 3 4 |  4.1
Shields        | 1 2 3 4 |  4.1
Unarmed Combat | 1 2 3 4 |  4.1
Evocations     | 1 2 3 4 |  4.1
Conjurations   | 1 2 3 |  3.4
Hexes          | 1 2 3 |  3.4
Summonings     | 1 2 3 |  3.4
Necromancy     | 1 2 3 |  3.4
Translocations | 1 2 3 |  3.4
Fire Magic     | 1 2 3 |  3.4
Ice Magic      | 1 2 3 |  3.4
Air Magic      | 1 2 3 |  3.4
Poison Magic   | 1 2 3 |  3.4
Dodging        | 5 6 |  6.2
Stealth        | 5 |  5.9
Earth Magic    | 6 |  6.5

Action                     |  1- 3 |  4- 6 |  7- 9 || total
---------------------------+-------+-------+-------++-------
  Melee: Hand axe          |       |     1 |       ||     1
   Cast: Sandblast         |    43 |    91 |   155 ||   289
         Stone Arrow       |       |     1 |       ||     1
    Use: Potion            |       |     2 |     4 ||     6
         Scroll            |       |       |    16 ||    16
 Armour: Robe              |     1 |     4 |       ||     5
         Leather armour    |       |    17 |    58 ||    75
  Dodge: Dodged            |     7 |    33 |    86 ||   126

Table legend: (Time is in decaauts)
 A = Elapsed time spent in this place.
 B = Non-inter-level travel time spent in this place.
 C = Inter-level travel time spent in this place.
 D = Time resting spent in this place.
 E = Time spent auto-exploring this place.
 F = Levels seen in this place.
 G = Mean time per level.
                   A        B        C        D        E       F      G
               +--------+--------+--------+--------+--------+-----+--------+
         Total |   5955 |   5751 |    204 |    199 |   4595 |   7 |  850.7 |
       Dungeon |   4920 |   4716 |    204 |    120 |   3889 |   6 |  820.0 |
       Ossuary |   1034 |   1034 |      0 |     79 |    706 |   1 | 1034.0 |
               +--------+--------+--------+--------+--------+-----+--------+

Top non-repeatable levels by time:
     D:5: 1544 daAuts
     D:1: 1225 daAuts
 Ossuary: 1034 daAuts
     D:4: 716 daAuts
     D:2: 684 daAuts
     D:3: 619 daAuts
     D:6: 131 daAuts
